 Dungeon Crawl Stone Soup version 0.29.0-11-gd7f09526c8 (webtiles) character file.

Game seed: 13776734687406566979

154 greasedhog the Ruffian (level 5, 0/53 HPs)
             Began as a Troll Fighter on Sept 4, 2022.
             Slain by a gnoll
             ... wielding a +0 spear
              (3 damage)
             ... on level 3 of the Dungeon.
             The game lasted 00:03:20 (2313 turns).

greasedhog the Ruffian (Troll Fighter)              Turns: 2313, Time: 00:03:21

Health: 0/53       AC:  5    Str: 24    XL:     5   Next: 13%
Magic:  13/13      EV:  8    Int:  6    God:
Gold:   115        SH:  7    Dex:  9    Spells: 4/4 levels left

rFire   + . .      SeeInvis .     - Unarmed
rCold   + . .      Faith    .   b - +0 kite shield
rNeg    . . .      Spirit   .   a - +0 robe
rPois   +          Reflect  .   (helmet restricted)
rElec   .          Harm     .   l - +0 cloak
rCorr   .          Rampage  .   (gloves unavailable)
Will    .....                   (boots unavailable)
Stlth   +.........              (no amulet)
HPRegen 0.97/turn               f - ring "Feadugar" {rPois rF+ rC+ MP+9}
MPRegen 0.13/turn               (no ring)

@: no status effects
A: large, unfitting armour, claws 3, regeneration 1, shaggy fur 1, tough skin 1
a: no special abilities


You were on level 3 of the Dungeon.
You visited 1 branch of the dungeon, and saw 3 of its levels.

You collected 115 gold pieces.

Inventory:

Armour
 a - a +0 robe (worn)
 b - a +0 kite shield (worn)
 l - a +0 cloak (worn)
Jewellery
 f - the ring "Feadugar" (left claw) {rPois rF+ rC+ MP+9}
   (You acquired it on level 2 of the Dungeon)

   [ring of magical power]

   rF:        It protects you from fire.
   rC:        It protects you from cold.
   rPois:     It protects you from poison.
   MP:        It affects your magic capacity (+9).
Wands
 g - a wand of charming (9)
Scrolls
 h - a scroll of amnesia {unknown}
 i - 2 scrolls of brand weapon
 j - a scroll of blinking {unknown}
 k - a scroll of poison
Potions
 c - 2 potions of might
 d - 5 potions of curing {unknown}
 e - 2 potions of haste {unknown}
 m - a potion of mutation {unknown}
 n - a potion of resistance {unknown}


   Skills:
 + Level 3.2 Fighting
 - Level 2.4 Dodging
 + Level 3.4 Shields
 * Level 4.0 Unarmed Combat


You had 4 spell levels left.
You didn't know any spells.
Your spell library contained the following spells:

 Spells                   Type           Power      Damage    Failure   Level
 Blink                    Tloc           0%         N/A       87%         2
 Manifold Assault         Tloc           0%         N/A       100%        5
 Storm Form               Tmut/Air       0%         N/A       100%        7


Dungeon Overview and Level Annotations

Branches:
Dungeon (3/15)

Altars:

Shops:
D:3 [?


Innate Abilities, Weirdness & Mutations

You are too large for most types of armour.
You have claws for hands.
Your natural rate of healing is unusually fast.
You are covered in fur. (AC +1)
You have tough skin. (AC +1)


Message History

The gnoll is severely wounded.
The goblin hits you but does no damage.
The gnoll hits you from afar with a +0 spear.
You scratch the gnoll.
The gnoll is almost dead.
You block the gnoll's attack.
The gnoll hits you from afar with a +0 spear.
The goblin hits you but does no damage.
You scratch the gnoll.
You kill the gnoll!
The bat barely misses you. The goblin hits you with a +0 club.
The gnoll hits you from afar with a +0 spear.
The bat hits you but does no damage.
You scratch the goblin.
You kill the goblin!
The bat hits you but does no damage. x2; You block the gnoll's attack.
The gnoll barely misses you.
The kobold throws a stone.
The stone closely misses you.
You closely miss the bat. You block the bat's attack.
The bat hits you but does no damage. You block the gnoll's attack.
The gnoll hits you from afar with a +0 spear.
You claw the kobold!
You kill the kobold!
You block the bat's attack. The bat hits you but does no damage.
The gnoll barely misses you.
The gnoll hits you from afar with a +0 spear.
You block the bat's attack. The gnoll completely misses you.
The gnoll hits you with a +0 spear. The gnoll hits you but does no damage.
You see here a +0 club.
You are too injured to fight recklessly!
Unknown command.
The bat attacks as you move away! The bat hits you.
The gnoll attacks as you move away! The gnoll hits you with a +0 halberd!
* * * LOW HITPOINT WARNING * * *
The gnoll attacks as you move away! You block the gnoll's attack.
The bat completely misses you.
The gnoll hits you from afar with a +0 halberd!
* * * LOW HITPOINT WARNING * * *
The gnoll hits you from afar with a +0 spear.
You die...

# #### ...# ...# #
...#### #####.#
......############......#
......'[.#.......#.....#
......##.#.#####.#.....#
......##...# #@#g....#
......###### #b)g....#
......# ##.g....# ......#
#......# ......# #......#
).....# #.#'####
'#....####### #.#.#
....#.8.∩.<.8 #.#..
...#########. #.####


You could see 2 gnolls and a bat.

Vanquished Creatures
  An orc priest (D:3)
  6 gnolls
  An adder (D:2)
  A worm (D:2)
  A dart slug (D:1)
  4 orcs
  2 ball pythons (D:2)
  3 endoplasms (D:2)
  4 hobgoblins
  4 jackals (D:2)
  A quokka (D:2)
  A bat (D:3)
  8 frilled lizards (D:1)
  10 goblins
  4 kobolds
  2 rats
53 creatures vanquished.

Vanquished Creatures (others)
  9 plants (D:1)
9 creatures vanquished.

Grand Total: 62 creatures vanquished

Notes
Turn   | Place    | Note
-------+----------+-------------------------------------------
     0 | D:1      | greasedhog the Troll Fighter began the quest for the Orb.
     0 | D:1      | Reached XP level 1. HP: 22/22 MP: 0/0
   503 | D:1      | Reached XP level 2. HP: 29/29 MP: 1/1
   631 | D:1      | Found a faded altar of an unknown god.
  1111 | D:2      | Identified a scroll of acquirement
  1111 | D:2      | Acquired the ring "Feadugar" {rPois rF+ rC+ MP+9}
  1416 | D:2      | Reached XP level 3. HP: 36/36 MP: 2/2
  1668 | D:2      | Reached skill level 3 in Unarmed Combat
  1908 | D:3      | Noticed an ogre
  2038 | D:3      | Found Hooskar's Antique Armour Boutique.
  2065 | D:2      | Reached XP level 4. HP: 35/44 MP: 3/3
  2192 | D:3      | Reached XP level 5. HP: 23/53 MP: 4/4
  2230 | D:3      | Reached skill level 4 in Unarmed Combat
  2259 | D:3      | Identified the +1 robe "Osubbaw" {Int+6 Dex-5 Slay+3
                  | Stlth+}
  2274 | D:3      | Found Luox's Magic Scroll Shoppe.
  2313 | D:3      | Slain by a gnoll

Illustrated notes

Levels and vault maps discovered:
D:1:      giann_bridges, layout_basic, shapermc_ecumenical_altar_mp_highgroup,
          minmay_lizard_king
D:2:      layout_loops_cross, serial_glass, glass_columns_c, glass_columns_c,
          nrook_mini_vaults, kennysheep_generic_room_5
D:3:      layout_basic, serial_shops, shop_statue, shop, minmay_snake_closets

Skill      XL: |  1  2  3  4  5 |
---------------+----------------+-----
Shields        | 3 |  3.4
Unarmed Combat | 3 4 |  4.0
Fighting       | 3 |  3.2
Dodging        | |  2.4

Action                   |  1- 3 |  4- 6 || total
-------------------------+-------+-------++-------
Melee: Unarmed           |   124 |    28 ||   152
  Use: Scroll            |     3 |     3 ||     6
 Stab: Sleeping          |     1 |       ||     1
Armor: Robe              |    47 |    11 ||    58
Dodge: Dodged            |    40 |    14 ||    54
Block: Kite shield       |    49 |    15 ||    64
